 Dungeon Crawl Stone Soup version 0.30-a0-840-ga523dec638 (webtiles) character file.

Game seed: 18091474286596373357

53 retardedninja the Covered (level 3, 0/33 HPs)
             Began as an Armataur Fighter on Mar 1, 2023.
             Slain by a worm (2 damage)
             ... on level 2 of the Dungeon.
             The game lasted 00:01:11 (821 turns).

retardedninja the Covered (Armataur Fighter)         Turns: 821, Time: 00:01:11

Health: 0/33       AC:  7    Str: 17 (23) XL:     3   Next: 64%
Magic:  3/3        EV:  7    Int:  2 (8)  God:
Gold:   19         SH:  3    Dex:  3 (9)  Spells: 2/2 levels left

rFire   . . .      SeeInvis .    a - +0 flail
rCold   . . .      Faith    .    c - +0 buckler
rNeg    . . .      Spirit   .    b - +0 scale mail
rPois   .          Reflect  .    (no helmet)
rElec   .          Harm     .    (no cloak)
rCorr   .          Roll     +    (no gloves)
Will    .....                    (no barding) Stlth
                                 (no amulet)
HPRegen 0.25/turn                (no ring)
MPRegen 0.08/turn                (no ring)

@: mighty
A: large, rugged brown scales 3, deformed body, armoured tail, roll, long
tongue, awkward tongue
a: no special abilities


You were on level 2 of the Dungeon.
You visited 1 branch of the dungeon, and saw 2 of its levels.

You collected 19 gold pieces.

Inventory:

Hand Weapons
 a - a +0 flail (weapon)
Missiles
 g - 2 boomerangs (quivered)
Armour
 b - a +0 scale mail (worn)
 c - a +0 buckler (worn)
Scrolls
 e - a scroll of magic mapping {unknown}
 h - 2 scrolls of identify {unknown}
Potions
 f - 2 potions of degeneration


   Skills:
 + Level 3.1 Fighting
 * Level 2.6 Maces & Flails
 + Level 4.1 Armour
 + Level 3.7 Shields


You had 2 spell levels left.
You didn't know any spells.
Your spell library was empty.

Dungeon Overview and Level Annotations

Branches:
Dungeon (2/15)

Altars:


Innate Abilities, Weirdness & Mutations

You are completely covered in rugged brown scales. (AC +3, +7% HP)
Armour fits poorly on your strangely shaped body.
You have a long armoured tail.
You roll when moving toward enemies. (Rampage)
Your long tongue fully drains potion bottles. (2x potion effects)
Your tongue gives you trouble enunciating. (1.5x scroll delay)


Message History

You block the goblin's attack. x2
You hit the dart slug.
The dart slug is moderately wounded.
The goblin hits you with a +0 dagger.
* * * LOW HITPOINT WARNING * * *
You block the dart slug's attack.
You hit the dart slug.
The dart slug is almost dead.
The goblin hits you with a +0 dagger.
* * * LOW HITPOINT WARNING * * *
The dart slug bites you but does no damage.
You sock the dart slug!
You kill the dart slug!
The goblin hits you but does no damage. x2; The goblin hits you with a +0 club.
* * * LOW HITPOINT WARNING * * *
You barely miss the goblin. The goblin completely misses you.
The goblin hits you with a +0 club.
* * * LOW HITPOINT WARNING * * *
You closely miss the goblin. You tail-slap the goblin.
You kill the goblin!
The goblin hits you but does no damage.
You sock the goblin!
You kill the goblin!
The goblin hits you but does no damage. The goblin closely misses you.
You closely miss the goblin. You tail-slap the goblin.
You kill the goblin!
You closely miss the frilled lizard.
Your tail-slap misses the frilled lizard.
The frilled lizard bites you.
* * * LOW HITPOINT WARNING * * *
You closely miss the frilled lizard.
Your tail-slap misses the frilled lizard.
The frilled lizard bites you but does no damage. x2
You closely miss the frilled lizard. The frilled lizard closely misses you.
You thump the frilled lizard!
You kill the frilled lizard!
You sock the worm! You tail-slap the worm.
The worm is almost dead.
The worm bites you.
You die...

.....?..w...
.........g.
.....g....
.....g...
#....g.g#
#.# #.# #w#
#@# #)# #.#
#.### #...#
###.# #...#
#.### #.#


You could see a worm.

Vanquished Creatures
  Robin (D:2)
  A worm (D:2)
  A dart slug (D:2)
  A bat (D:1)
  An endoplasm (D:1)
  2 giant cockroaches (D:1)
  7 goblins
  8 hobgoblins
  3 jackals (D:1)
  A quokka (D:2)
  2 ball pythons
  2 frilled lizards
  A kobold (D:1)
  3 rats (D:1)
34 creatures vanquished.

Notes
Turn   | Place    | Note
-------+----------+-------------------------------------------
     0 | D:1      | retardedninja the Armataur Fighter began the quest for the
                  | Orb.
     0 | D:1      | Reached XP level 1. HP: 19/19 MP: 1/1
   306 | D:1      | Reached XP level 2. HP: 26/26 MP: 2/2
   391 | D:1      | Found a faded altar of an unknown god.
   782 | D:2      | Noticed Robin
   792 | D:2      | Reached skill level 4 in Armour
   800 | D:2      | Reached XP level 3. HP: 8/33 MP: 3/3
   800 | D:2      | Killed Robin
   817 | D:2      | HP: 1/33 [frilled lizard (2)]
   821 | D:2      | Slain by a worm

Illustrated notes

Levels and vault maps discovered:
D:1:      dpeg_chamrin_arrival_tetris, layout_rooms, basic_ecumenical_altar
D:2:      layout_basic, uniq_crazy_yiuf_cottage, uniq_robin

Skill      XL: |  1  2 |
---------------+-------+-----
Maces & Flails | 2 |  2.6
Armour         | 4 |  4.1
Fighting       | 3 |  3.1
Shields        | |  3.7

Action                     || total
---------------------------++-------
  Melee: Flail             ||    82
         Tailslap          ||    11
    Use: Potion            ||     2
 Armour: Scale mail        ||    61
  Dodge: Dodged            ||    38
  Block: Buckler           ||    26

Table legend: (Time is in decaauts)
 A = Elapsed time spent in this place.
 B = Non-inter-level travel time spent in this place.
 C = Inter-level travel time spent in this place.
 D = Time resting spent in this place.
 E = Time spent auto-exploring this place.
 F = Levels seen in this place.
 G = Mean time per level.
                   A        B        C        D        E       F      G
               +--------+--------+--------+--------+--------+-----+--------+
         Total |    847 |    828 |     19 |    137 |    507 |   2 |  423.5 |
       Dungeon |    847 |    828 |     19 |    137 |    507 |   2 |  423.5 |
               +--------+--------+--------+--------+--------+-----+--------+

Top non-repeatable levels by time:
     D:1: 742 daAuts
     D:2: 104 daAuts
